 Dungeon Crawl Stone Soup version 0.28-a0-909-g796cbd3a86 (webtiles) character file.

Game seed: 1547877177881039520

5451 kklluuttzz the Covert (level 11, -8/68 HPs)
             Began as a Formicid Earth Elementalist on Nov 24, 2021.
             Was an Initiate of Sif Muna.
             Mangled by a komodo dragon (25 damage)
             ... on level 7 of the Dungeon on Nov 25, 2021.
             The game lasted 00:24:04 (12883 turns).

kklluuttzz the Covert (FoEE)                       Turns: 12883, Time: 00:24:05

Health: -8/68      AC:  6    Str: 21    XL:     11   Next: 0%
Magic:  18/20      EV: 12    Int: 16    God:    Sif Muna [......]
Gold:   79         SH:  0    Dex: 11    Spells: 16/22 levels left

rFire   . . .      SeeInvis +   b - +3 rapier (protect)
rCold   . . .      Faith    .   (no shield)
rNeg    . . .      Spirit   .   F - +2 robe {Archmagi}
rPois   .          Reflect  .   (helmet unavailable)
rElec   +          Harm     .   (no cloak)
rCorr   .          Rampage  .   n - +0 pair of gloves
Will    +....      Archmagi +   s - +0 pair of boots
Stlth   ++++......              (no amulet)
HPRegen 0.21/turn               v - ring of Zetetiyn {rElec Str+6}
MPRegen 0.17/turn               (no ring)

@: no status effects
A: permanent stasis, dig shafts and tunnels, antennae 3, four strong arms
a: Dig, Shaft Self, Renounce Religion


You were on level 7 of the Dungeon.
You worshipped Sif Muna.
Sif Muna was noncommittal.
You visited 2 branches of the dungeon, and saw 9 of its levels.
You also visited: Sewer.

You collected 261 gold pieces.
You spent 182 gold pieces at shops.

Inventory:

Hand Weapons
 a - a +0 short sword of holy wrath
 b - a +3 rapier of protection (weapon)
 K - a +0 great sword
Missiles
 c - 162 stones
 G - 2 throwing nets
Armour
 n - a +0 pair of gloves (worn)
 o - a +0 tower shield
 s - a +0 pair of boots (worn)
 y - a +1 leather armour of poison resistance
 F - a +2 robe of the Archmagi (worn)
Jewellery
 v - the ring of Zetetiyn (left hand) {rElec Str+6}
   (You acquired it on level 7 of the Dungeon)

   [ring of strength]

   Str:       It affects your strength (+6).
   rElec:     It insulates you from electricity.
Wands
 g - a wand of paralysis (7)
 E - a wand of mindburst (10)
 I - a wand of flame (8)
 J - a wand of polymorph (11)
Scrolls
 e - 2 scrolls of blinking
 h - a scroll of vulnerability
 j - 2 scrolls of magic mapping
 k - 2 scrolls of teleportation
 l - a scroll of amnesia
 m - a scroll of fear
 q - a scroll of immolation
 t - 3 scrolls of enchant weapon
 u - a scroll of fog
 w - a scroll of summoning {unknown}
 z - a scroll of holy word {unknown}
 C - a scroll of enchant armour {unknown}
 L - 2 scrolls of identify
 M - a scroll of torment {unknown}
Potions
 d - 4 potions of degeneration
 f - a potion of berserk rage {unknown}
 i - 3 potions of cancellation
 p - 2 potions of resistance
 r - 3 potions of haste
 x - a potion of brilliance {unknown}
 A - a potion of mutation {unknown}
 B - a potion of lignification {unknown}
 D - 2 potions of might
 H - a potion of attraction {unknown}
 N - a potion of flight {unknown}


   Skills:
 + Level 9.2 Short Blades
 - Level 1.7 Dodging
 - Level 9.5 Stealth
 - Level 6.0 Spellcasting
 - Level 5.1 Conjurations
 - Level 1.1 Transmutations
 - Level 8.6 Earth Magic


You had 16 spell levels left.
You knew the following spells:

 Your Spells              Type           Power      Damage    Failure   Level
a - Sandblast             Erth           96%        2d20      1%          1
b - Stone Arrow           Conj/Erth      80%        3d12      2%          3
w - Passwall              Tmut/Erth      25%        N/A       2%          2

Your spell library contained the following spells:

 Spells                   Type           Power      Damage    Failure   Level
 Static Discharge         Conj/Air       19%        N/A       8%          2
 Wereblood                Tmut           12%        N/A       13%         2
 Pain                     Necr           28%        1d5       14%         1
 Petrify                  Tmut/Erth      30%        N/A       19%         4
 Sublimation of Blood     Necr           7%         N/A       21%         2
 Lightning Bolt           Conj/Air       9%         1d22      80%         5
 Agony                    Necr           7%         N/A       98%         5
 Excruciating Wounds      Necr           3%         N/A       98%         5
 Summon Hydra             Summ           3%         N/A       100%        7
 Maxwell's Capacitive Co  Air            3%         ∞         100%        8


Dungeon Overview and Level Annotations

Branches:
Dungeon (8/15)             Temple (1/1) D:7           Sewer (visited)
   Lair: D:8-11

Altars:
Ashenzari
Cheibriados
Dithmenos
Elyvilon
Fedhas
Gozag
Hepliaklqana
Kikubaaqudgha
Makhleb
Nemelex Xobeh
Okawaru
Qazlal
Ru
Sif Muna
Trog
Uskayaw
Vehumet
Xom
Yredelemnul
The Shining One

Shops:
D:3 ?   D:6 ?

Annotations:
D:5 2 transporters, McGhostyFace's ghost, novice GnAE


Innate Abilities, Weirdness & Mutations

You cannot be hasted, slowed, berserked, paralysed or teleported.
You can dig through walls and to a lower floor.
You have a pair of large antennae on your head. (SInv)
Your four strong arms can wield two-handed weapons with a shield.


Message History

Magic restored.
There is a stone staircase leading down here.
You climb downwards.
There is a stone staircase leading up here.
You sense a monster nearby.
A komodo dragon, a bullfrog and a black bear come into view.
The komodo dragon hisses angrily.
The bullfrog croaks.
You hear a croak.
The bullfrog hits the plant!
The plant begins to die.
The bullfrog hits the plant.
There are monsters nearby!
There is a stone staircase leading up here.
You barely miss the komodo dragon.
The komodo dragon completely misses you.
You barely miss the komodo dragon. The komodo dragon bites you!!
You closely miss the komodo dragon.
There is a stone staircase leading up here.
The komodo dragon bites you!!
* * * LOW HITPOINT WARNING * * *
You climb upwards.
There is a stone staircase leading down here.
The komodo dragon closely misses you. The komodo dragon barely misses you.
There is a stone staircase leading down here.
You climb downwards.
Found an inky potion.
There is a stone staircase leading up here.
You start resting.
You sense a monster nearby.
You climb upwards.
The komodo dragon bites you! x2
There is a stone staircase leading down here.
Casting: Stone Arrow (dangerous; 2% risk of failure)
Confirm with . or Enter, or press ? or * to list all spells.
Aiming: Passwall (safe; 2% risk of failure)
Press: ? - help, Dir - move target A rock wall.
You feel a surge of power! The komodo dragon bites you!!
* * * LOW HITPOINT WARNING * * *
You begin to meditate on the wall.
You continue meditating on the rock.
The komodo dragon bites you!!
You die...

#.⌠.⌠.#.........................#
'..>..'.#)......#########...###.#
#.⌠.⌠.###.....>....# #.### #.#
#.....#...###.####.# #.# #.#
###'#####.# #.# #.# #[# #.# #...#
#.# #.# #.# #[# #.# )..## #.# #.#
#.# #)# #.# #### #.###.####.# #.#
#.# #.......@#.# #.#####.#
#.......l#.# #.##....# #####
#........#.# #.##.#### ....#
#..........# #.##.#
###.######.......########.##.#
#....[..[...............##.#
######[#.......###########.# #
#.######### #.# # #.# #.#


You could see a komodo dragon.

Vanquished Creatures
  Harold (D:7)
  Pikel (D:4)
  Prince Ribbit (D:7)
  4 slime creatures (D:7)
  Sigmund (D:6)
  4 yaks (D:6)
  Eustachio (D:4)
  Duvessa (D:7)
  A water moccasin (D:7)
  An ice beast (D:6)
  Pargi (Sewer)
  An orc warrior (D:7)
  A necrophage (D:4)
  A sky beast (D:4)
  2 ogres
  A centaur (D:6)
  3 lemures (D:4)
  A kobold brigand (D:5)
  3 scorpions
  A wyvern skeleton (D:6)
  A water moccasin skeleton (D:5)
  5 killer bees (D:7)
  Dowan (D:7)
  6 wights (D:7)
  A howler monkey (D:5)
  A bullfrog zombie (D:5)
  A centaur zombie (D:6)
  5 hounds
  A gnoll shaman (D:6)
  2 jellies
  A bullfrog skeleton (D:5)
  3 orc priests
  2 centaur skeletons
  3 iguanas
  2 orc wizards
  3 gnolls (D:6)
  8 adders
  A river rat (D:3)
  A shadow imp (D:6)
  3 worms
  3 dart slugs
  13 orcs
  3 bats
  7 endoplasms
  3 giant cockroaches
  3 goblins (D:1)
  5 hobgoblins
  15 jackals
  12 kobolds
  3 quokkas
  7 ball pythons
  7 frilled lizards
  4 rats
167 creatures vanquished.

Vanquished Creatures (others)
  30 fungi (D:8)
  22 plants (D:8)
52 creatures vanquished.

Grand Total: 219 creatures vanquished

Notes
Turn   | Place    | Note
-------+----------+-------------------------------------------
     0 | D:1      | kklluuttzz the Formicid Earth Elementalist began the quest
                  | for the Orb.
     0 | D:1      | Reached XP level 1. HP: 13/13 MP: 3/3
   206 | D:1      | Reached XP level 2. HP: 7/19 MP: 5/5
   397 | D:1      | Found a faded altar of an unknown god.
   574 | D:1      | Learned a level 2 spell: Passwall
   707 | D:1      | Reached XP level 3. HP: 24/24 MP: 3/6
   806 | D:1      | Reached skill level 5 in Earth Magic
   825 | D:1      | Learned a level 3 spell: Stone Arrow
  2207 | D:2      | Reached skill level 1 in Short Blades
  2207 | D:2      | Reached XP level 4. HP: 14/30 MP: 4/7
  2772 | D:3      | You fall into a shaft and drop 1 floor!
  2859 | D:3      | Found Ximpub's Magic Scroll Boutique.
  2871 | D:3      | Bought a scroll of identify for 28 gold pieces
  3037 | D:3      | Reached XP level 5. HP: 15/35 MP: 0/8
  3060 | D:3      | Found a glowing drain.
  3155 | Sewer    | Entered a sewer
  3279 | Sewer    | Noticed Pargi
  3288 | Sewer    | Killed Pargi
  3289 | Sewer    | Reached XP level 6. HP: 32/41 MP: 3/9
  3784 | D:3      | Reached skill level 5 in Stealth
  4048 | D:3      | Noticed an ogre
  4084 | D:3      | Killed an ogre
  4520 | D:3      | Reached XP level 7. HP: 28/46 MP: 1/10
  4832 | D:4      | Noticed Eustachio
  5054 | D:4      | Reached skill level 1 in Conjurations
  5309 | D:4      | Killed Eustachio
  5565 | D:4      | Reached XP level 8. HP: 17/52 MP: 5/13
  5779 | D:4      | Found a basalt altar of Yredelemnul.
  5965 | D:5      | Entered Level 5 of the Dungeon
  6099 | D:5      | Noticed McGhostyFace's ghost (novice GnAE)
  6100 | D:5      | Found a transporter.
  6113 | D:5      | Noticed Pikel
  6686 | D:4      | Killed Pikel
  6821 | D:5      | Reached XP level 9. HP: 44/57 MP: 16/16
  6828 | D:5      | Reached skill level 5 in Spellcasting
  7460 | D:5      | Found a transporter.
  8122 | D:6      | Reached skill level 5 in Conjurations
  8696 | D:6      | Noticed Sigmund
  8728 | D:6      | Killed Sigmund
  9280 | D:6      | Reached skill level 5 in Short Blades
  9354 | D:6      | Reached XP level 10. HP: 42/63 MP: 10/19
  9636 | D:6      | Found Lumi's Magic Scroll Shop.
  9639 | D:6      | Bought a scroll of magic mapping for 52 gold pieces
  9642 | D:6      | Bought a scroll of identify for 30 gold pieces
  9642 | D:6      | Bought a scroll of identify for 30 gold pieces
  9703 | D:3      | Bought a scroll of identify for 28 gold pieces
  9708 | D:3      | Bought a scroll of noise for 14 gold pieces
  9914 | D:7      | Found a staircase to the Ecumenical Temple.
  9922 | Temple   | Entered the Ecumenical Temple
 10399 | D:7      | Found a shimmering blue altar of Sif Muna.
 10689 | D:7      | Noticed Harold
 10713 | D:7      | Became a worshipper of Sif Muna the Loreminder
 11094 | D:7      | Noticed Prince Ribbit
 11105 | D:7      | Killed Prince Ribbit
 11323 | D:7      | Identified a scroll of acquirement
 11365 | D:7      | Noticed Duvessa
 11365 | D:7      | Noticed Dowan
 11371 | D:7      | Killed Dowan
 11382 | D:7      | Killed Duvessa
 11655 | D:7      | Acquired the ring of Zetetiyn {rElec Str+6}
 11800 | D:7      | HP: 1/63 [slime creature (19)]
 12259 | D:7      | Killed Harold
 12314 | D:7      | Found a shimmering blue altar of Sif Muna.
 12449 | D:7      | Found a staircase to the Ecumenical Temple.
 12575 | D:7      | Reached XP level 11. HP: 61/68 MP: 11/20
 12883 | D:7      | Mangled by a komodo dragon

Illustrated notes

Levels and vault maps discovered:
D:1:      dpeg_arrival_round_c, layout_basic, basic_ecumenical_altar,
          roderic_lattice_a
D:2:      layout_loops_ring
D:3:      layout_rooms, serial_shops, shop, gup_sewer_entry_bowl
D:4:      layout_cave_pools, yredelemnul_altar_generic, supply_closet_lemuel,
          uniq_eustachio
D:5:      layout_loops_ring, gammafunk_ghost_arena, uniq_pikel
D:6:      layout_gridville, serial_shops, kennysheep_mini_moat,
          hangedman_abyss_or_decor_lesser_grid, uniq_sigmund
D:7:      layout_loops_ring, nicolae_sif_muna_condensation,
          minmay_temple_entry_hall, uniq_prince_ribbit1, uniq_duvessa,
          uniq_harold
D:8:      layout_gridville, nicolae_wu_jian_immortal_techniques,
          due_lair_maze_entry_diamond, minmay_misc_feat_five
Temple:   mainiacjoe_temple_coin_purse

Skill      XL: |  1  2  3  4  5  6  7  8  9 10 |
---------------+-------------------------------+-----
Earth Magic    | 4 5 6 7 8 |  8.6
Short Blades   | 1 2 3 4 5 9 |  9.2
Stealth        | 3 4 6 7 9 |  9.5
Conjurations   | 2 3 5 |  5.1
Spellcasting   | 3 4 6 |  6.0
Dodging        | |  1.7
Transmutations | |  1.1

Action                   |  1- 3 |  4- 6 |  7- 9 | 10-12 || total
-------------------------+-------+-------+-------+-------++-------
Melee: Short sword       |    92 |    93 |    92 |     6 ||   283
       Rapier            |       |       |   208 |    34 ||   242
 Cast: Sandblast         |    17 |    46 |    45 |    36 ||   144
       Passwall          |     7 |     4 |    13 |     4 ||    28
       Stone Arrow       |       |       |    18 |    31 ||    49
 Abil: Dig               |     2 |     2 |     6 |       ||    10
Evoke: Wand              |       |       |       |     1 ||     1
  Use: Scroll            |       |     3 |     1 |    10 ||    14
       Potion            |       |       |     2 |     3 ||     5
 Stab: Sleeping          |     7 |     3 |    10 |     5 ||    25
       Distracted        |       |       |     1 |       ||     1
Armor: Robe              |    11 |    25 |     1 |     2 ||    39
       Leather armour    |       |       |   168 |    12 ||   180
Dodge: Dodged            |    62 |    55 |   237 |    38 ||   392

Table legend: (Time is in decaauts)
 A = Elapsed time spent in this place.
 B = Non-inter-level travel time spent in this place.
 C = Inter-level travel time spent in this place.
 D = Time resting spent in this place.
 E = Time spent auto-exploring this place.
 F = Levels seen in this place.
 G = Mean time per level.
                   A        B        C        D        E       F      G
               +--------+--------+--------+--------+--------+-----+--------+
         Total |  12918 |  12385 |    533 |   5239 |   4577 |  10 | 1291.8 |
       Dungeon |  12433 |  11913 |    520 |   5088 |   4428 |   8 | 1554.1 |
        Temple |    111 |     98 |     13 |      0 |     84 |   1 |  111.0 |
         Sewer |    373 |    373 |      0 |    151 |     65 |   1 |  373.0 |
               +--------+--------+--------+--------+--------+-----+--------+

Top non-repeatable levels by time:
     D:6: 2551 daAuts
     D:3: 2121 daAuts
     D:7: 2040 daAuts
     D:1: 1869 daAuts
     D:4: 1501 daAuts
     D:5: 1311 daAuts
     D:2: 887 daAuts
   Sewer: 373 daAuts
     D:8: 149 daAuts
  Temple: 111 daAuts
